Barracuda vs Devils
Created - April 11, 2022 at 19:04
Goals
|
| Barracuda |
1 |
0 |
0 |
1 |
| Devils |
2 |
1 |
0 |
3 |
|
Shots
|
| Barracuda |
16 |
11 |
11 |
38 |
| Devils |
10 |
15 |
5 |
30 |
|
1st period
1. Devils , Valeri Nichushkin 14 (Joonas Donskoi 29, Sam Bennett 49) at 8:45
2. Devils , Alan Quine 21 (Joonas Donskoi 30) at 14:30
3. Barracuda , Cole Ully 14 (Justin Shugg 14, Samuel Groulx 22) at 18:27
Penalties :
Vincent Desharnais (Bin) for Holding Stick (Minor) at 4:08, Cole Ully (S.J) for Hooking (Minor) at 10:00
2nd period
4. Devils , Jonny Brodzinski 8 (Ben Hutton 27, Sven Baertschi 23) at 4:38
Penalties :
Robbie Russo (Bin) for Holding (Minor) at 2:22
3rd period
No Goal
Penalties :
Sam Bennett (Bin) for Tripping (Minor) at 3:02, William Carrier (S.J) for Roughing (Minor) at 6:12, Dalton Thrower (Bin) for Hooking (Minor) at 10:51, Valeri Nichushkin (Bin) for Interference (Minor) at 15:02
Goalie Stats
Oscar Dansk (S.J), 27 saves from 30 shots - (0.900), L, 4-3-0, 60:00 minutes
Calvin Pickard (Bin), 37 saves from 38 shots - (0.974), W, 16-21-3, 60:00 minutes
Players Stats for Barracuda
Player Name G A P +/- PIM S H SB GA TA FO MP PP MP PK MP
------------------------------------------------------------------------------------
Alex Henriksson 0 0 0 0 0 1 1 1 0 1 0/0 10:13 0:16 1:16
Alex Iafallo 0 0 0 -1 0 2 2 0 1 1 2/2 21:50 5:31 1:55
Arturs Kulda 0 0 0 -2 0 1 3 1 0 0 0/0 27:40 6:01 2:27
Brandon Kozun 0 0 0 -1 0 4 3 0 0 0 1/1 15:43 4:08 0:00
Chris Wagner 0 0 0 0 0 4 1 0 3 0 0/0 8:38 0:03 0:00
Cole Ully 1 0 1 0 2 4 0 0 0 1 0/1 11:40 0:00 0:21
David Shields 0 0 0 0 0 1 0 1 0 0 0/0 12:31 0:00 0:00
Dmitrij Jaskin 0 0 0 -1 0 7 1 0 1 1 1/1 20:14 5:44 0:00
Emil Pettersson 0 0 0 -1 0 2 1 1 1 0 6/9 17:20 4:08 1:25
Eric Gustafsson 0 0 0 0 0 1 1 2 0 0 0/0 19:49 3:54 1:31
Jerome Gauthier-Leduc 0 0 0 0 0 1 0 0 0 0 0/0 12:31 0:00 0:00
Justin Shugg 0 1 1 0 0 0 1 2 0 0 0/0 11:25 0:00 0:00
Markus Nutivaara 0 0 0 -2 0 3 3 2 1 0 0/0 27:40 6:01 2:27
Noah Gregor 0 0 0 0 0 0 0 0 0 0 4/6 8:35 0:00 0:00
Sam Carrick 0 0 0 -1 0 3 1 1 0 0 17/36 21:50 5:31 1:55
Samuel Groulx 0 1 1 0 0 3 0 0 0 1 0/0 19:49 3:54 1:31
Theodor Blueger 0 0 0 0 0 0 1 1 0 0 1/5 11:59 0:16 0:27
William Carrier 0 0 0 -1 2 1 1 0 0 1 0/0 16:33 4:08 0:37
Players Stats for Devils
Player Name G A P +/- PIM S H SB GA TA FO MP PP MP PK MP
------------------------------------------------------------------------------------
Alan Quine 1 0 1 2 0 3 2 0 1 0 5/11 17:33 1:50 3:39
Ben Hutton 0 1 1 3 0 0 2 3 1 1 0/0 25:50 2:24 6:07
Brandon Carlo 0 0 0 3 0 1 1 0 0 0 0/0 25:50 2:24 6:07
Brett Howden 0 0 0 1 0 2 0 0 0 0 4/8 8:42 0:00 0:00
Brett Seney 0 0 0 -1 0 3 0 1 0 0 2/2 13:32 0:00 2:28
Christian Wolanin 0 0 0 -1 0 1 0 0 0 0 0/0 10:11 0:00 0:00
Conor Garland 0 0 0 -1 0 1 1 0 0 0 0/0 10:41 0:00 0:00
Cristiano Digiacinto 0 0 0 0 0 0 0 0 0 0 0/0 0:05 0:00 0:05
Dalton Thrower 0 0 0 0 2 2 2 0 2 1 0/0 18:37 1:34 2:58
Ilya Lyubushkin 0 0 0 0 0 1 0 0 2 0 0/0 19:18 1:34 3:48
Jake Bean 0 0 0 0 0 0 0 1 0 0 0/0 4:41 0:00 0:00
Jonny Brodzinski 1 0 1 1 0 4 3 2 0 0 0/0 8:42 0:00 0:00
Joonas Donskoi 0 2 2 2 0 2 4 1 0 0 1/1 13:25 1:50 0:00
Logan Shaw 0 0 0 0 0 2 2 1 0 0 0/3 16:28 2:08 0:00
Mason Marchment 0 0 0 1 0 1 1 1 0 0 0/0 8:42 0:00 0:00
Reid Boucher 0 0 0 -1 0 1 0 0 0 1 4/6 11:37 0:00 0:31
Robbie Russo 0 0 0 -1 2 0 0 0 0 0 0/0 11:01 0:00 0:48
Sam Bennett 0 1 1 0 2 2 1 3 0 2 12/26 20:44 2:08 4:17
Sven Baertschi 0 1 1 0 0 3 4 0 0 0 0/1 22:15 2:08 5:42
Valeri Nichushkin 1 0 1 2 2 1 1 0 0 2 1/3 17:04 1:50 3:08
Vincent Desharnais 0 0 0 0 2 0 0 0 0 0 0/0 5:02 0:00 0:02
3 Stars
1 - Calvin Pickard (Bin)
2 - Joonas Donskoi (Bin)
3 - Alan Quine (Bin)
Power Play
Barracuda - 0 on 5 Attempt(s) - 0.00%
Devils - 0 on 2 Attempt(s) - 0.00%
Penalty Kill
Barracuda - 2 on 2 Attempt(s) - 100.00%
- Score 0 goal in Penalty Kill
Devils - 5 on 5 Attempt(s) - 100.00%
- Score 0 goal in Penalty Kill
Team Stat
Barracuda - Hits : 20 - Faceoff Wins : 32 - Blocked Shots : 12 - Penalty Minutes : 4
Devils - Hits : 24 - Faceoff Wins : 29 - Blocked Shots : 13 - Penalty Minutes : 10
Official
Referees : Dean Morton and Brian Pochmara
Linesman : Julien Fournier and Michel Cormier
Game Notes
No Game Note
Finance
Level 1 -- Attendance: 1823 (91.15%) -- Ticket Income $63,805
Level 2 -- Attendance: 964 (96.40%) -- Ticket Income $14,460
Total Attendance: 2787 (92.90%)
Total Ticket Income: $78,265
Other Income: $3,913
Total Income: $82,178
Barracuda
5 vs 5 Forward
Center Left Wing Right Wing Time % Phy DF OF
1 Sam Carrick Alex Iafallo Dmitrij Jaskin 40 1 2 2
2 Emil Pettersson William Carrier Brandon Kozun 30 1 2 2
3 Theodor Blueger Cole Ully Justin Shugg 20 1 2 2
4 Noah Gregor Alex Henriksson Chris Wagner 10 1 2 2
5 vs 5 Defense
Defense Defense Time % Phy DF OF
1 Arturs Kulda Markus Nutivaara 40 1 2 2
2 Eric Gustafsson Samuel Groulx 30 1 2 2
3 David Shields Jerome Gauthier-Leduc 20 1 2 2
4 Arturs Kulda Markus Nutivaara 10 1 2 2
PowerPlay Forward
Center Left Wing Right Wing Time % Phy DF OF
1 Sam Carrick Alex Iafallo Dmitrij Jaskin 60 1 2 2
2 Emil Pettersson William Carrier Brandon Kozun 40 1 2 2
PowerPlay Defense
Defense Defense Time % Phy DF OF
1 Arturs Kulda Markus Nutivaara 60 1 2 2
2 Eric Gustafsson Samuel Groulx 40 1 2 2
Penalty Kill 4 Players Forward
Center Wing Time % Phy DF OF
1 Sam Carrick Alex Iafallo 60 1 3 1
2 Emil Pettersson William Carrier 40 1 3 1
Penalty Kill 4 Players Defense
Defense Defense Time % Phy DF OF
1 Arturs Kulda Markus Nutivaara 60 1 4 0
2 Eric Gustafsson Samuel Groulx 40 1 4 0
Penalty Kill - 3 Players Forward
Forward Time % Phy DF OF
1 Sam Carrick 60 1 4 0
2 Emil Pettersson 40 1 4 0
Penalty Kill - 3 Players Defense
Defense Defense Time % Phy DF OF
1 Arturs Kulda Markus Nutivaara 60 1 4 0
2 Eric Gustafsson Samuel Groulx 40 1 4 0
4 vs 4 Forward
Center Wing Time % Phy DF OF
1 Sam Carrick Alex Iafallo 60 1 2 2
2 Emil Pettersson William Carrier 40 1 2 2
4 vs 4 Defense
Defense Defense Time % Phy DF OF
1 Arturs Kulda Markus Nutivaara 60 1 2 2
2 Eric Gustafsson Samuel Groulx 40 1 2 2
Last Minutes Offensive
Center Left Wing Right Wing Defense Defense
Sam Carrick Alex Iafallo Dmitrij Jaskin Arturs Kulda Markus Nutivaara
Last Minutes Defensive
Center Left Wing Right Wing Defense Defense
Sam Carrick Alex Iafallo Dmitrij Jaskin Arturs Kulda Markus Nutivaara
Goaltenders
Starting : Oscar Dansk
Backup : Joacim Eriksson
Extra Forwards
Normal : William Carrier, Emil Pettersson, Justin Shugg - PP : William Carrier, Emil Pettersson - PK : William Carrier
Extra Defensemen
Normal : Samuel Groulx, David Shields, Jerome Gauthier-Leduc - PP : Samuel Groulx - PK : Samuel Groulx, David Shields
Penalty Shots
Alex Iafallo, Dmitrij Jaskin, Sam Carrick, Brandon Kozun, William Carrier
Scratches
Alex Lintuniemi (Healthy), Jaedon Descheneau (Healthy), Mario Lucia (Healthy), Robin Norell (Healthy), Thomas Gobeil (Healthy)
Tanner Jeannot (Healthy), Drew O'Connor (Healthy), Dennis Cholowski (Healthy), Kevin Lankinen (Healthy)
Devils
5 vs 5 Forward
Center Left Wing Right Wing Time % Phy DF OF
1 Sam Bennett Sven Baertschi Logan Shaw 40 0 2 3
2 Alan Quine Valeri Nichushkin Joonas Donskoi 30 0 2 3
3 Reid Boucher Brett Seney Conor Garland 20 0 2 3
4 Brett Howden Mason Marchment Jonny Brodzinski 10 0 2 3
5 vs 5 Defense
Defense Defense Time % Phy DF OF
1 Brandon Carlo Ben Hutton 40 1 3 1
2 Dalton Thrower Ilya Lyubushkin 30 1 3 1
3 Robbie Russo Christian Wolanin 20 1 3 1
4 Jake Bean Vincent Desharnais 10 1 3 1
PowerPlay Forward
Center Left Wing Right Wing Time % Phy DF OF
1 Sam Bennett Sven Baertschi Logan Shaw 60 0 1 4
2 Alan Quine Valeri Nichushkin Joonas Donskoi 40 0 1 4
PowerPlay Defense
Defense Defense Time % Phy DF OF
1 Brandon Carlo Ben Hutton 60 0 2 3
2 Dalton Thrower Ilya Lyubushkin 40 0 2 3
Penalty Kill 4 Players Forward
Center Wing Time % Phy DF OF
1 Sam Bennett Sven Baertschi 60 1 3 1
2 Alan Quine Valeri Nichushkin 40 1 3 1
Penalty Kill 4 Players Defense
Defense Defense Time % Phy DF OF
1 Brandon Carlo Ben Hutton 60 1 4 0
2 Dalton Thrower Ilya Lyubushkin 40 1 4 0
Penalty Kill - 3 Players Forward
Forward Time % Phy DF OF
1 Sam Bennett 60 1 2 2
2 Alan Quine 40 1 2 2
Penalty Kill - 3 Players Defense
Defense Defense Time % Phy DF OF
1 Brandon Carlo Ben Hutton 60 1 2 2
2 Dalton Thrower Ilya Lyubushkin 40 1 2 2
4 vs 4 Forward
Center Wing Time % Phy DF OF
1 Sam Bennett Sven Baertschi 60 1 2 2
2 Alan Quine Valeri Nichushkin 40 1 2 2
4 vs 4 Defense
Defense Defense Time % Phy DF OF
1 Brandon Carlo Ben Hutton 60 1 2 2
2 Dalton Thrower Ilya Lyubushkin 40 1 2 2
Last Minutes Offensive
Center Left Wing Right Wing Defense Defense
Sam Bennett Sven Baertschi Logan Shaw Brandon Carlo Ben Hutton
Last Minutes Defensive
Center Left Wing Right Wing Defense Defense
Sam Bennett Sven Baertschi Logan Shaw Brandon Carlo Ben Hutton
Goaltenders
Starting : Calvin Pickard
Backup : Juuse Saros
Extra Forwards
Normal : Valeri Nichushkin, Alan Quine, Reid Boucher - PP : Valeri Nichushkin, Alan Quine - PK : Valeri Nichushkin
Extra Defensemen
Normal : Christian Wolanin, Jake Bean, Vincent Desharnais - PP : Jake Bean - PK : Robbie Russo, Vincent Desharnais
Penalty Shots
Logan Shaw, Sven Baertschi, Sam Bennett, Joonas Donskoi, Valeri Nichushkin
Scratches
Darren Dietz (Broken Left Index Finger Injury)
% Time on Ice - Barracuda
Lines # - Real PCT - Wanted PCT - Time Play
Normal Forward
1 - 32% - 40% - 14:53
2 - 25% - 30% - 11:24
3 - 24% - 20% - 11:15
4 - 19% - 10% - 8:35
Normal Defense
1 - 38% - 40% - 17:27
2 - 31% - 30% - 14:24
3 - 27% - 20% - 12:31
4 - 4% - 10% - 1:45
PP Forward
1 - 58% - 60% - 5:47
2 - 42% - 40% - 4:08
PP Defense
1 - 61% - 60% - 6:01
2 - 39% - 40% - 3:54
PK Forward
1 - 78% - 60% - 3:06
2 - 22% - 40% - 0:52
PK Defense
1 - 62% - 60% - 2:27
2 - 38% - 40% - 1:31
PK3 Forward
1 - 0% - 60%
2 - 0% - 40%
PK3 Defense
1 - 0% - 60%
2 - 0% - 40%
44 Forward
1 - 0% - 60%
2 - 0% - 40%
44 Defense
1 - 0% - 60%
2 - 0% - 40%
Last Minute Offensive - 0:00
Last Minute Defensive - 0:00
Total
Forward - 60:00
Defense - 60:00
|
% Time on Ice - Devils
Lines # - Real PCT - Wanted PCT - Time Play
Normal Forward
1 - 33% - 40% - 15:15
2 - 25% - 30% - 11:43
3 - 23% - 20% - 10:27
4 - 19% - 10% - 8:42
Normal Defense
1 - 38% - 40% - 17:19
2 - 30% - 30% - 13:56
3 - 22% - 20% - 10:11
4 - 10% - 10% - 4:41
PP Forward
1 - 54% - 60% - 2:08
2 - 46% - 40% - 1:50
PP Defense
1 - 61% - 60% - 2:24
2 - 39% - 40% - 1:34
PK Forward
1 - 75% - 60% - 7:24
2 - 25% - 40% - 2:31
PK Defense
1 - 62% - 60% - 6:07
2 - 38% - 40% - 3:48
PK3 Forward
1 - 0% - 60%
2 - 0% - 40%
PK3 Defense
1 - 0% - 60%
2 - 0% - 40%
44 Forward
1 - 0% - 60%
2 - 0% - 40%
44 Defense
1 - 0% - 60%
2 - 0% - 40%
Last Minute Offensive - 0:00
Last Minute Defensive - 0:00
Total
Forward - 60:00
Defense - 60:00
|
Play-by-Play
1st period
0:01 of 1st period - Sam Bennett wins face-off versus Sam Carrick in neutral zone.
0:04 of 1st period - Markus Nutivaara is hit by Sven Baertschi and loses puck.
0:13 of 1st period - Slapshot by Sam Carrick.
0:13 of 1st period - Stopped by Calvin Pickard without a rebound.
0:14 of 1st period - Emil Pettersson wins face-off versus Valeri Nichushkin in Devils zone.
0:19 of 1st period - Snap shot by William Carrier.
0:19 of 1st period - Deflect By Joonas Donskoi.
0:19 of 1st period - Stopped by Calvin Pickard without a rebound.
0:20 of 1st period - Valeri Nichushkin wins face-off versus Emil Pettersson in Devils zone.
0:35 of 1st period - Snap shot by Joonas Donskoi.
0:35 of 1st period - Stopped by Oscar Dansk with a rebound.
0:47 of 1st period - Slapshot by Brandon Kozun.
0:47 of 1st period - Stopped by Calvin Pickard with a rebound.
0:49 of 1st period - Slapshot by Emil Pettersson.
0:49 of 1st period - Stopped by Calvin Pickard with a rebound.
0:55 of 1st period - Wrist shot by Emil Pettersson.
0:55 of 1st period - Shot Misses the Net.
0:57 of 1st period - Slapshot by Samuel Groulx.
0:57 of 1st period - Shot Misses the Net.
0:59 of 1st period - Snap shot by Brandon Kozun.
0:59 of 1st period - Shot Misses the Net.
1:01 of 1st period - Slapshot by Samuel Groulx.
1:01 of 1st period - Stopped by Calvin Pickard without a rebound.
1:02 of 1st period - Brett Seney wins face-off versus Theodor Blueger in Devils zone.
1:07 of 1st period - Snap shot by Christian Wolanin.
1:07 of 1st period - Stopped by Oscar Dansk without a rebound.
1:08 of 1st period - Reid Boucher wins face-off versus Theodor Blueger in Barracuda zone.
1:09 of 1st period - Snap shot by Brett Seney.
1:09 of 1st period - Shot Misses the Net.
1:11 of 1st period - Slapshot by Christian Wolanin.
1:11 of 1st period - Shot Misses the Net.
1:13 of 1st period - Slapshot by Robbie Russo.
1:13 of 1st period - Shot Misses the Net.
1:43 of 1st period - Slapshot by Dmitrij Jaskin.
1:43 of 1st period - Shot Misses the Net.
1:59 of 1st period - Wrist shot by Jonny Brodzinski.
1:59 of 1st period - Stopped by Oscar Dansk with a rebound.
2:17 of 1st period - Snap shot by Brandon Kozun.
2:17 of 1st period - Stopped by Calvin Pickard with a rebound.
3:09 of 1st period - Wrist shot by Cole Ully.
3:09 of 1st period - Stopped by Calvin Pickard with a rebound.
4:08 of 1st period - Minor Penalty to Vincent Desharnais for Holding Stick.
4:09 of 1st period - Sam Bennett wins face-off versus Sam Carrick in Devils zone.
4:13 of 1st period - Slapshot by Dmitrij Jaskin.
4:13 of 1st period - Stopped by Calvin Pickard with a rebound.
4:15 of 1st period - Slapshot by Samuel Groulx.
4:15 of 1st period - Stopped by Calvin Pickard without a rebound.
4:16 of 1st period - Sam Carrick wins face-off versus Sam Bennett in Devils zone.
5:12 of 1st period - Off-side.
5:13 of 1st period - Dmitrij Jaskin wins face-off versus Alan Quine in neutral zone.
5:18 of 1st period - Slapshot by Dmitrij Jaskin.
5:18 of 1st period - Stopped by Calvin Pickard without a rebound.
5:19 of 1st period - Alan Quine wins face-off versus Sam Carrick in Devils zone.
5:50 of 1st period - Wrist shot by Emil Pettersson.
5:50 of 1st period - Stopped by Calvin Pickard with a rebound.
6:08 of 1st period - Penalty to Vincent Desharnais is over, Vincent Desharnais is back on ice.
6:16 of 1st period - Wrist shot by Valeri Nichushkin.
6:16 of 1st period - Shot Misses the Net.
6:24 of 1st period - Wrist shot by Brett Seney.
6:24 of 1st period - Shot Blocked by Eric Gustafsson.
6:26 of 1st period - Slapshot by Dalton Thrower.
6:26 of 1st period - Shot Blocked by Theodor Blueger.
7:28 of 1st period - Snap shot by Sven Baertschi.
7:28 of 1st period - Shot Misses the Net.
7:46 of 1st period - Wrist shot by Brett Seney.
7:46 of 1st period - Shot Misses the Net.
7:52 of 1st period - Markus Nutivaara is hit by Conor Garland and loses puck.
8:45 of 1st period - Wrist shot by Valeri Nichushkin.
8:45 of 1st period - Goal by Valeri Nichushkin - Barracuda : 0 - Devils : 1.
8:46 of 1st period - Sam Bennett wins face-off versus Sam Carrick in neutral zone.
8:49 of 1st period - Wrist shot by Sven Baertschi.
8:49 of 1st period - Stopped by Oscar Dansk without a rebound.
8:50 of 1st period - Sam Bennett wins face-off versus Sam Carrick in Barracuda zone.
8:51 of 1st period - Wrist shot by Sven Baertschi.
8:51 of 1st period - Shot Blocked by Sam Carrick.
8:53 of 1st period - Snap shot by Logan Shaw.
8:53 of 1st period - Shot Misses the Net.
9:46 of 1st period - Ilya Lyubushkin is hit by Chris Wagner.
10:00 of 1st period - Minor Penalty to Cole Ully for Hooking.
10:01 of 1st period - Sam Carrick wins face-off versus Sam Bennett in Barracuda zone.
10:31 of 1st period - Markus Nutivaara is hit by Brandon Carlo and loses puck.
12:00 of 1st period - Penalty to Cole Ully is over, Cole Ully is back on ice.
12:54 of 1st period - Snap shot by Theodor Blueger.
12:54 of 1st period - Shot Misses the Net.
12:56 of 1st period - Snap shot by Justin Shugg.
12:56 of 1st period - Shot Misses the Net.
13:14 of 1st period - Sam Bennett is hit by Alex Henriksson and loses puck.
13:32 of 1st period - Vincent Desharnais is hit by Eric Gustafsson and loses puck.
14:02 of 1st period - Off-side.
14:03 of 1st period - Brett Howden wins face-off versus Sam Carrick in neutral zone.
14:06 of 1st period - Slapshot by Ben Hutton.
14:06 of 1st period - Shot Misses the Net.
14:22 of 1st period - Snap shot by Mason Marchment.
14:22 of 1st period - Deflect By Brett Howden.
14:22 of 1st period - Shot Misses the Net.
14:22 of 1st period - Puck is out of play.
14:23 of 1st period - Emil Pettersson wins face-off versus Alan Quine in Barracuda zone.
14:30 of 1st period - Wrist shot by Alan Quine.
14:30 of 1st period - Goal by Alan Quine - Barracuda : 0 - Devils : 2.
14:31 of 1st period - Sam Carrick wins face-off versus Sam Bennett in neutral zone.
14:36 of 1st period - Snap shot by Alex Iafallo.
14:36 of 1st period - Shot Blocked by Sam Bennett.
15:02 of 1st period - Arturs Kulda is hit by Alan Quine and loses puck.
15:07 of 1st period - Slapshot by Alan Quine.
15:07 of 1st period - Shot Misses the Net.
15:09 of 1st period - Wrist shot by Brandon Carlo.
15:09 of 1st period - Stopped by Oscar Dansk with a rebound.
15:27 of 1st period - Snap shot by Reid Boucher.
15:27 of 1st period - Shot Misses the Net.
15:43 of 1st period - Slapshot by Markus Nutivaara.
15:43 of 1st period - Stopped by Calvin Pickard without a rebound.
15:44 of 1st period - Sam Carrick wins face-off versus Sam Bennett in Devils zone.
16:11 of 1st period - Snap shot by Logan Shaw.
16:11 of 1st period - Deflect By Alan Quine.
16:11 of 1st period - Shot Blocked by Emil Pettersson.
16:11 of 1st period - Puck is out of play.
16:12 of 1st period - Emil Pettersson wins face-off versus Alan Quine in Barracuda zone.
16:59 of 1st period - Off-side.
17:00 of 1st period - Reid Boucher wins face-off versus Noah Gregor in neutral zone.
17:13 of 1st period - Slapshot by Brett Seney.
17:13 of 1st period - Stopped by Oscar Dansk with a rebound.
17:15 of 1st period - Slapshot by Dalton Thrower.
17:15 of 1st period - Shot Misses the Net.
17:25 of 1st period - Dalton Thrower is hit by Arturs Kulda and loses puck.
17:32 of 1st period - Wrist shot by Sam Carrick.
17:32 of 1st period - Shot Blocked by Logan Shaw.
17:34 of 1st period - Slapshot by Markus Nutivaara.
17:34 of 1st period - Deflect By Sam Bennett.
17:34 of 1st period - Stopped by Calvin Pickard without a rebound.
17:35 of 1st period - Sam Carrick wins face-off versus Alan Quine in Devils zone.
17:48 of 1st period - Snap shot by Alex Iafallo.
17:48 of 1st period - Shot Blocked by Ben Hutton.
18:00 of 1st period - Brandon Carlo is hit by Brandon Kozun and loses puck.
18:19 of 1st period - Snap shot by Brett Seney.
18:19 of 1st period - Stopped by Oscar Dansk with a rebound.
18:27 of 1st period - Wrist shot by Cole Ully.
18:27 of 1st period - Goal by Cole Ully - Barracuda : 1 - Devils : 2.
18:28 of 1st period - Sam Carrick wins face-off versus Sam Bennett in neutral zone.
18:33 of 1st period - Snap shot by Dmitrij Jaskin.
18:33 of 1st period - Stopped by Calvin Pickard without a rebound.
18:34 of 1st period - Sam Carrick wins face-off versus Logan Shaw in Devils zone.
19:01 of 1st period - Valeri Nichushkin is hit by Markus Nutivaara and loses puck.
19:10 of 1st period - Snap shot by Alan Quine.
19:10 of 1st period - Stopped by Oscar Dansk with a rebound.
19:48 of 1st period - Snap shot by Chris Wagner.
19:48 of 1st period - Stopped by Calvin Pickard without a rebound.
19:49 of 1st period - Sam Bennett wins face-off versus Sam Carrick in Devils zone.
Goals for this period are 1 for Barracuda vs 2 for Devils.
Shots for this period are 16 for Barracuda vs 10 for Devils.
2nd period
0:01 of 2nd period - Sam Bennett wins face-off versus Sam Carrick in neutral zone.
0:04 of 2nd period - Slapshot by Sven Baertschi.
0:04 of 2nd period - Stopped by Oscar Dansk with a rebound.
0:51 of 2nd period - Samuel Groulx is hit by Dalton Thrower and loses puck.
0:56 of 2nd period - Snap shot by Jonny Brodzinski.
0:56 of 2nd period - Shot Misses the Net.
1:02 of 2nd period - Snap shot by Mason Marchment.
1:02 of 2nd period - Stopped by Oscar Dansk without a rebound.
1:03 of 2nd period - Sam Bennett wins face-off versus Sam Carrick in Barracuda zone.
1:14 of 2nd period - Snap shot by Logan Shaw.
1:14 of 2nd period - Shot Misses the Net.
1:16 of 2nd period - Snap shot by Sam Bennett.
1:16 of 2nd period - Stopped by Oscar Dansk with a rebound.
1:18 of 2nd period - Snap shot by Sven Baertschi.
1:18 of 2nd period - Shot Misses the Net.
1:28 of 2nd period - Alan Quine is hit by Brandon Kozun and loses puck.
2:22 of 2nd period - Minor Penalty to Robbie Russo for Holding.
2:23 of 2nd period - Sam Bennett wins face-off versus Sam Carrick in Devils zone.
2:35 of 2nd period - Slapshot by Sam Carrick.
2:35 of 2nd period - Shot Misses the Net.
2:49 of 2nd period - Ben Hutton is hit by William Carrier and loses puck.
2:58 of 2nd period - Sam Bennett is hit by Brandon Kozun and loses puck.
3:21 of 2nd period - Wrist shot by Valeri Nichushkin.
3:21 of 2nd period - Shot Misses the Net.
3:43 of 2nd period - Alex Iafallo is hit by Dalton Thrower and loses puck.
4:02 of 2nd period - Alan Quine is hit by Markus Nutivaara and loses puck.
4:17 of 2nd period - Valeri Nichushkin is hit by Alex Iafallo and loses puck.
4:22 of 2nd period - Penalty to Robbie Russo is over, Robbie Russo is back on ice.
4:36 of 2nd period - Snap shot by Jonny Brodzinski.
4:36 of 2nd period - Stopped by Oscar Dansk with a rebound.
4:38 of 2nd period - Snap shot by Jonny Brodzinski.
4:38 of 2nd period - Goal by Jonny Brodzinski - Barracuda : 1 - Devils : 3.
4:39 of 2nd period - Joonas Donskoi wins face-off versus Emil Pettersson in neutral zone.
4:50 of 2nd period - Snap shot by Alan Quine.
4:50 of 2nd period - Stopped by Oscar Dansk without a rebound.
4:51 of 2nd period - Alex Iafallo wins face-off versus Sam Bennett in Barracuda zone.
4:51 of 2nd period - Alex Iafallo is hit by Logan Shaw.
5:17 of 2nd period - Emil Pettersson is hit by Joonas Donskoi.
5:39 of 2nd period - Brandon Carlo is hit by Arturs Kulda and loses puck.
6:04 of 2nd period - Brandon Carlo is hit by Arturs Kulda.
6:16 of 2nd period - Wrist shot by Sam Bennett.
6:16 of 2nd period - Stopped by Oscar Dansk with a rebound.
7:22 of 2nd period - Wrist shot by Alex Henriksson.
7:22 of 2nd period - Shot Misses the Net.
7:24 of 2nd period - Slapshot by Jerome Gauthier-Leduc.
7:24 of 2nd period - Shot Blocked by Jake Bean.
7:26 of 2nd period - Slapshot by David Shields.
7:26 of 2nd period - Stopped by Calvin Pickard with a rebound.
7:28 of 2nd period - Slapshot by Alex Henriksson.
7:28 of 2nd period - Stopped by Calvin Pickard with a rebound.
7:39 of 2nd period - Icing by David Shields.
7:40 of 2nd period - Sam Carrick wins face-off versus Sam Bennett in Barracuda zone.
7:45 of 2nd period - Snap shot by Dmitrij Jaskin.
7:45 of 2nd period - Stopped by Calvin Pickard without a rebound.
7:46 of 2nd period - Sam Carrick wins face-off versus Sam Bennett in Devils zone.
7:53 of 2nd period - Wrist shot by Alex Iafallo.
7:53 of 2nd period - Stopped by Calvin Pickard with a rebound.
8:19 of 2nd period - Wrist shot by Alex Iafallo.
8:19 of 2nd period - Shot Blocked by Brett Seney.
8:21 of 2nd period - Slapshot by Alex Iafallo.
8:21 of 2nd period - Stopped by Calvin Pickard with a rebound.
8:23 of 2nd period - Snap shot by Sam Carrick.
8:23 of 2nd period - Stopped by Calvin Pickard without a rebound.
8:24 of 2nd period - Emil Pettersson wins face-off versus Sam Bennett in Devils zone.
8:57 of 2nd period - Wrist shot by Valeri Nichushkin.
8:57 of 2nd period - Shot Blocked by Markus Nutivaara.
8:59 of 2nd period - Slapshot by Valeri Nichushkin.
8:59 of 2nd period - Shot Misses the Net.
9:01 of 2nd period - Slapshot by Ilya Lyubushkin.
9:01 of 2nd period - Shot Blocked by Justin Shugg.
9:36 of 2nd period - Wrist shot by Chris Wagner.
9:36 of 2nd period - Stopped by Calvin Pickard without a rebound.
9:37 of 2nd period - Brett Howden wins face-off versus Sam Carrick in Devils zone.
9:46 of 2nd period - Backhand shot by Robbie Russo.
9:46 of 2nd period - Deflect By Mason Marchment.
9:46 of 2nd period - Shot Misses the Net.
9:46 of 2nd period - Puck is out of play.
9:47 of 2nd period - Sam Carrick wins face-off versus Sam Bennett in Barracuda zone.
10:20 of 2nd period - Snap shot by Joonas Donskoi.
10:20 of 2nd period - Shot Misses the Net.
10:22 of 2nd period - Wrist shot by Alan Quine.
10:22 of 2nd period - Shot Misses the Net.
10:29 of 2nd period - Icing by Jerome Gauthier-Leduc.
10:30 of 2nd period - Brett Seney wins face-off versus Theodor Blueger in Barracuda zone.
10:33 of 2nd period - Snap shot by Reid Boucher.
10:33 of 2nd period - Stopped by Oscar Dansk without a rebound.
10:34 of 2nd period - Reid Boucher wins face-off versus Cole Ully in Barracuda zone.
10:35 of 2nd period - Wrist shot by Conor Garland.
10:35 of 2nd period - Stopped by Oscar Dansk with a rebound.
10:37 of 2nd period - Backhand shot by Ilya Lyubushkin.
10:37 of 2nd period - Shot Blocked by Markus Nutivaara.
10:39 of 2nd period - Slapshot by Dalton Thrower.
10:39 of 2nd period - Stopped by Oscar Dansk without a rebound.
10:40 of 2nd period - Sam Bennett wins face-off versus Sam Carrick in Barracuda zone.
11:17 of 2nd period - Justin Shugg is hit by Alan Quine and loses puck.
12:08 of 2nd period - Slapshot by Logan Shaw.
12:08 of 2nd period - Stopped by Oscar Dansk with a rebound.
12:16 of 2nd period - Slapshot by Samuel Groulx.
12:16 of 2nd period - Stopped by Calvin Pickard with a rebound.
12:18 of 2nd period - Snap shot by Eric Gustafsson.
12:18 of 2nd period - Deflect By Chris Wagner.
12:18 of 2nd period - Stopped by Calvin Pickard without a rebound.
12:19 of 2nd period - Alan Quine wins face-off versus Sam Carrick in Devils zone.
12:24 of 2nd period - Dmitrij Jaskin is hit by Joonas Donskoi.
12:32 of 2nd period - Snap shot by Dmitrij Jaskin.
12:32 of 2nd period - Stopped by Calvin Pickard with a rebound.
12:44 of 2nd period - David Shields is hit by Logan Shaw and loses puck.
13:25 of 2nd period - Arturs Kulda is hit by Mason Marchment.
13:29 of 2nd period - Slapshot by Jonny Brodzinski.
13:29 of 2nd period - Shot Misses the Net.
13:31 of 2nd period - Wrist shot by Brett Howden.
13:31 of 2nd period - Stopped by Oscar Dansk with a rebound.
13:43 of 2nd period - Wrist shot by Logan Shaw.
13:43 of 2nd period - Stopped by Oscar Dansk without a rebound.
13:44 of 2nd period - Sam Carrick wins face-off versus Sam Bennett in Barracuda zone.
14:11 of 2nd period - Alan Quine is hit by Emil Pettersson and loses puck.
14:16 of 2nd period - Snap shot by William Carrier.
14:16 of 2nd period - Shot Blocked by Joonas Donskoi.
14:30 of 2nd period - Wrist shot by Conor Garland.
14:30 of 2nd period - Shot Blocked by Arturs Kulda.
14:47 of 2nd period - Wrist shot by Brett Howden.
14:47 of 2nd period - Stopped by Oscar Dansk without a rebound.
14:48 of 2nd period - Noah Gregor wins face-off versus Brett Howden in Barracuda zone.
14:48 of 2nd period - Noah Gregor is hit by Jonny Brodzinski.
14:56 of 2nd period - Snap shot by Chris Wagner.
14:56 of 2nd period - Shot Misses the Net.
15:14 of 2nd period - Logan Shaw is hit by Sam Carrick.
15:36 of 2nd period - Snap shot by Markus Nutivaara.
15:36 of 2nd period - Shot Misses the Net.
15:50 of 2nd period - Snap shot by Sam Bennett.
15:50 of 2nd period - Shot Misses the Net.
15:52 of 2nd period - Wrist shot by Sam Bennett.
15:52 of 2nd period - Shot Blocked by Justin Shugg.
16:39 of 2nd period - Snap shot by Sven Baertschi.
16:39 of 2nd period - Shot Misses the Net.
16:41 of 2nd period - Wrist shot by Sven Baertschi.
16:41 of 2nd period - Stopped by Oscar Dansk without a rebound.
16:42 of 2nd period - Sam Carrick wins face-off versus Alan Quine in Barracuda zone.
17:07 of 2nd period - William Carrier is hit by Ben Hutton and loses puck.
17:30 of 2nd period - Slapshot by Eric Gustafsson.
17:30 of 2nd period - Stopped by Calvin Pickard without a rebound.
17:31 of 2nd period - Brett Howden wins face-off versus Noah Gregor in Devils zone.
18:23 of 2nd period - Off-side.
18:24 of 2nd period - Sam Carrick wins face-off versus Alan Quine in neutral zone.
18:54 of 2nd period - Off-side.
18:55 of 2nd period - Sam Bennett wins face-off versus Sam Carrick in neutral zone.
19:21 of 2nd period - Eric Gustafsson is hit by Joonas Donskoi and loses puck.
Goals for this period are 0 for Barracuda vs 1 for Devils.
Shots for this period are 11 for Barracuda vs 15 for Devils.
3rd period
0:01 of 3rd period - Sam Carrick wins face-off versus Sam Bennett in neutral zone.
0:26 of 3rd period - Emil Pettersson is hit by Joonas Donskoi and loses puck.
0:35 of 3rd period - Slapshot by Brandon Kozun.
0:35 of 3rd period - Stopped by Calvin Pickard without a rebound.
0:36 of 3rd period - Alan Quine wins face-off versus Sam Carrick in Devils zone.
0:43 of 3rd period - Snap shot by Dalton Thrower.
0:43 of 3rd period - Deflect By Dmitrij Jaskin.
0:43 of 3rd period - Stopped by Oscar Dansk with a rebound.
0:45 of 3rd period - Slapshot by Ilya Lyubushkin.
0:45 of 3rd period - Deflect By Sam Carrick.
0:45 of 3rd period - Stopped by Oscar Dansk without a rebound.
0:46 of 3rd period - Alan Quine wins face-off versus Sam Carrick in Barracuda zone.
0:51 of 3rd period - Wrist shot by Joonas Donskoi.
0:51 of 3rd period - Stopped by Oscar Dansk with a rebound.
1:15 of 3rd period - Wrist shot by Sam Carrick.
1:15 of 3rd period - Shot Misses the Net.
1:17 of 3rd period - Slapshot by Eric Gustafsson.
1:17 of 3rd period - Shot Misses the Net.
1:23 of 3rd period - Snap shot by Dmitrij Jaskin.
1:23 of 3rd period - Stopped by Calvin Pickard without a rebound.
1:24 of 3rd period - Emil Pettersson wins face-off versus Logan Shaw in Devils zone.
1:35 of 3rd period - Wrist shot by William Carrier.
1:35 of 3rd period - Shot Misses the Net.
1:37 of 3rd period - Slapshot by Arturs Kulda.
1:37 of 3rd period - Shot Blocked by Sam Bennett.
1:39 of 3rd period - Slapshot by Arturs Kulda.
1:39 of 3rd period - Shot Blocked by Ben Hutton.
2:13 of 3rd period - Wrist shot by Noah Gregor.
2:13 of 3rd period - Shot Blocked by Jonny Brodzinski.
2:21 of 3rd period - Backhand shot by Chris Wagner.
2:21 of 3rd period - Shot Misses the Net.
2:55 of 3rd period - Wrist shot by Brandon Kozun.
2:55 of 3rd period - Stopped by Calvin Pickard without a rebound.
2:56 of 3rd period - Brandon Kozun wins face-off versus Sam Bennett in Devils zone.
3:02 of 3rd period - Minor Penalty to Sam Bennett for Tripping.
3:03 of 3rd period - Sam Carrick wins face-off versus Valeri Nichushkin in Devils zone.
4:54 of 3rd period - Ben Hutton is hit by Theodor Blueger and loses puck.
5:02 of 3rd period - Penalty to Sam Bennett is over, Sam Bennett is back on ice.
5:17 of 3rd period - Wrist shot by Cole Ully.
5:17 of 3rd period - Stopped by Calvin Pickard with a rebound.
5:19 of 3rd period - Slapshot by Jerome Gauthier-Leduc.
5:19 of 3rd period - Stopped by Calvin Pickard with a rebound.
5:21 of 3rd period - Slapshot by David Shields.
5:21 of 3rd period - Deflect By Theodor Blueger.
5:21 of 3rd period - Shot Blocked by Jonny Brodzinski.
5:21 of 3rd period - Puck is out of play.
5:22 of 3rd period - Noah Gregor wins face-off versus Reid Boucher in Devils zone.
5:29 of 3rd period - Snap shot by Alex Henriksson.
5:29 of 3rd period - Shot Misses the Net.
5:55 of 3rd period - Slapshot by Cole Ully.
5:55 of 3rd period - Stopped by Calvin Pickard with a rebound.
6:09 of 3rd period - Slapshot by Jonny Brodzinski.
6:09 of 3rd period - Stopped by Oscar Dansk without a rebound.
6:10 of 3rd period - Emil Pettersson wins face-off versus Brett Howden in Barracuda zone.
6:12 of 3rd period - Minor Penalty to William Carrier for Roughing.
6:13 of 3rd period - Alex Iafallo wins face-off versus Logan Shaw in Barracuda zone.
6:13 of 3rd period - Alex Iafallo is hit by Sven Baertschi.
7:03 of 3rd period - Sam Carrick is hit by Sam Bennett and loses puck.
8:12 of 3rd period - Penalty to William Carrier is over, William Carrier is back on ice.
9:24 of 3rd period - Icing by Jonny Brodzinski.
9:25 of 3rd period - Brett Howden wins face-off versus Theodor Blueger in Devils zone.
9:42 of 3rd period - Markus Nutivaara is hit by Valeri Nichushkin and loses puck.
10:14 of 3rd period - Icing by Sam Bennett.
10:15 of 3rd period - Reid Boucher wins face-off versus Emil Pettersson in Devils zone.
10:51 of 3rd period - Minor Penalty to Dalton Thrower for Hooking.
10:52 of 3rd period - Sam Carrick wins face-off versus Sven Baertschi in Devils zone.
12:03 of 3rd period - Ben Hutton is hit by Dmitrij Jaskin and loses puck.
12:20 of 3rd period - Brandon Carlo is hit by Markus Nutivaara and loses puck.
12:51 of 3rd period - Penalty to Dalton Thrower is over, Dalton Thrower is back on ice.
13:06 of 3rd period - Brett Seney is hit by Justin Shugg and loses puck.
13:15 of 3rd period - Snap shot by Brett Seney.
13:15 of 3rd period - Shot Blocked by Eric Gustafsson.
13:17 of 3rd period - Slapshot by Brett Seney.
13:17 of 3rd period - Stopped by Oscar Dansk without a rebound.
13:18 of 3rd period - Noah Gregor wins face-off versus Brett Howden in Barracuda zone.
13:18 of 3rd period - Noah Gregor is hit by Jonny Brodzinski.
13:34 of 3rd period - Slapshot by Chris Wagner.
13:34 of 3rd period - Shot Blocked by Mason Marchment.
14:03 of 3rd period - Chris Wagner is hit by Jonny Brodzinski and loses puck.
14:18 of 3rd period - Wrist shot by Jonny Brodzinski.
14:18 of 3rd period - Shot Misses the Net.
14:27 of 3rd period - Wrist shot by Jonny Brodzinski.
14:27 of 3rd period - Shot Blocked by David Shields.
14:29 of 3rd period - Slapshot by Robbie Russo.
14:29 of 3rd period - Deflect By Jonny Brodzinski.
14:29 of 3rd period - Shot Blocked by Alex Henriksson.
14:29 of 3rd period - Puck is out of play.
14:30 of 3rd period - Sam Carrick wins face-off versus Sam Bennett in Barracuda zone.
14:30 of 3rd period - Sam Carrick is hit by Sven Baertschi.
14:38 of 3rd period - Ben Hutton is hit by Alex Iafallo and loses puck.
15:00 of 3rd period - Slapshot by Arturs Kulda.
15:00 of 3rd period - Stopped by Calvin Pickard with a rebound.
15:02 of 3rd period - Minor Penalty to Valeri Nichushkin for Interference.
15:03 of 3rd period - Sam Bennett wins face-off versus Sam Carrick in Devils zone.
15:08 of 3rd period - Sam Carrick is hit by Sven Baertschi and loses puck.
15:15 of 3rd period - Slapshot by Markus Nutivaara.
15:15 of 3rd period - Shot Blocked by Ben Hutton.
15:17 of 3rd period - Slapshot by Sam Carrick.
15:17 of 3rd period - Shot Blocked by Sam Bennett.
15:19 of 3rd period - Snap shot by Sam Carrick.
15:19 of 3rd period - Stopped by Calvin Pickard with a rebound.
15:29 of 3rd period - Markus Nutivaara is hit by Ben Hutton and loses puck.
15:35 of 3rd period - Off-side.
15:36 of 3rd period - Alan Quine wins face-off versus Sam Carrick in neutral zone.
15:43 of 3rd period - Slapshot by Dmitrij Jaskin.
15:43 of 3rd period - Stopped by Calvin Pickard without a rebound.
15:44 of 3rd period - Sam Bennett wins face-off versus Sam Carrick in Devils zone.
16:39 of 3rd period - Wrist shot by Alan Quine.
16:39 of 3rd period - Shot Misses the Net.
17:02 of 3rd period - Penalty to Valeri Nichushkin is over, Valeri Nichushkin is back on ice.
17:20 of 3rd period - Snap shot by Chris Wagner.
17:20 of 3rd period - Stopped by Calvin Pickard without a rebound.
17:21 of 3rd period - Noah Gregor wins face-off versus Brett Howden in Devils zone.
17:30 of 3rd period - Snap shot by Markus Nutivaara.
17:30 of 3rd period - Shot Misses the Net.
17:32 of 3rd period - Slapshot by Markus Nutivaara.
17:32 of 3rd period - Stopped by Calvin Pickard without a rebound.
17:33 of 3rd period - Theodor Blueger wins face-off versus Reid Boucher in Devils zone.
18:39 of 3rd period - Slapshot by Ben Hutton.
18:39 of 3rd period - Shot Misses the Net.
Goals for this period are 0 for Barracuda vs 0 for Devils.
Shots for this period are 11 for Barracuda vs 5 for Devils.